 Dungeon Crawl Stone Soup version 0.26.0-15-gc6cd9f700b (webtiles) character file.

Game seed: 2912579560810162448

114 trckry the Ruffian (level 4, 0/35 HPs)
             Began as a Draconian Transmuter on Jan 16, 2021.
             Was a Believer of Zin.
             Slain by a hound (3 damage)
             ... on level 5 of the Dungeon.
             The game lasted 00:04:34 (2160 turns).

trckry the Ruffian (Draconian Transmuter)           Turns: 2160, Time: 00:04:34

Health: 0/35       AC:  5    Str: 18    XL:     4   Next: 66%
Magic:  7/7        EV:  7    Int: 15    God:    Zin [**....]
Gold:   165        SH: 11    Dex: 17    Spells: 6/7 levels left

rFire    . . .     SeeInvis .     - Unarmed
rCold    . . .     Faith    .   p - +0 tower shield {rN+}
rNeg     + . .     Spirit   .   (armour unavailable)
rPois    .         Reflect  .   (helmet restricted)
rElec    .         Harm     .   (no cloak)
rCorr    .         Rampage  .   (no gloves)
Will     .....                  (no boots)
Stlth    ++........             (no amulet)
HPRegen  0.11/turn              o - +6 ring of dexterity
MPRegen  0.10/turn              b - +6 ring of strength

@: no status effects
A: unfitting armour, cold-blooded, AC +5
a: Renounce Religion, Recite, Vitalisation, Donate Gold


You were on level 5 of the Dungeon.
You worshipped Zin.
Zin was pleased with you.
You visited 1 branch of the dungeon, and saw 4 of its levels.

You collected 183 gold pieces.
You donated 18 gold pieces to Zin.

Inventory:

Missiles
 d - 8 poisoned darts (quivered)
Armour
 p - a +0 tower shield of positive energy (worn)
Jewellery
 a - an uncursed ring of fire
 b - a +6 ring of strength (right hand)
 o - a +6 ring of dexterity (left hand)
Wands
 n - a wand of flame (7)
Scrolls
 c - 3 scrolls of identify {unknown}
 e - 4 scrolls of enchant weapon {unknown}
 g - 3 scrolls of remove curse {unknown}
 h - a scroll of enchant armour {unknown}
 i - a scroll of random uselessness {unknown}
 l - a scroll of teleportation {unknown}
Potions
 f - a potion of resistance {unknown}
 j - a potion of curing {unknown}
 k - a potion of berserk rage {unknown}
 m - 3 potions of brilliance {unknown}


   Skills:
 + Level 1.2 Fighting
 + Level 0.2 Throwing
 - Level 1.7 Dodging
 * Level 4.3 Unarmed Combat
 + Level 2.1 Spellcasting
 - Level 3.4 Transmutations
 + Level 0.4 Invocations
 + Level 0.2 Evocations


You had 6 spell levels left.
You knew the following spells:

 Your Spells              Type           Power        Failure   Level
a - Beastly Appendage     Tmut           22%          80%         1

Your spell library contained the following spells:

 Spells                   Type           Power        Failure   Level
 Wereblood                Tmut           11%          91%         2
 Spider Form              Tmut/Pois      3%           100%        3
 Ice Form                 Ice/Tmut       6%           100%        4
 Blade Hands              Tmut           5%           100%        5


Dungeon Overview and Level Annotations

Branches:
Dungeon (3/15)             Temple (0/1) D:5

Altars:
Zin


Innate Abilities, Weirdness & Mutations

Your plain brown scales are hard. (AC +5)
You cannot fit into any form of body armour.
You are cold-blooded and may be slowed by cold attacks.


Message History

* * * LOW HITPOINT WARNING * * *
The hound bites you.
* * * LOW HITPOINT WARNING * * *
You miss the hound.
Your tail-slap misses the hound.
The hound bites you but does no damage.
You closely miss the hound. The hound bites you but does no damage.
Throw: 10 darts (poison)
Press: ? - help, Q - select action, (/) - cycle Shift-Dir - straight line, f - hound
Aim: a hound You throw a poisoned dart.
The poisoned dart hits the hound.
You block the hound's attack. The hound bites you.
* * * LOW HITPOINT WARNING * * *
Throw: 9 darts (poison)
Press: ? - help, Q - select action, (/) - cycle Shift-Dir - straight line, f/p - hound
Aim: a hound You throw a poisoned dart.
The poisoned dart closely misses the hound.
The poisoned dart hits the gnoll shaman.
The hound bites you.
You die...

.........g# .#
....>...Z.### J.##
.....gg.ggg.##.....
.##...##.#......8..
.##...##.#..##....
.........##gg##..#
############..##
##oJ#+# ##gh@#
#####


You could see a gnoll shaman, a hound, a jelly, 3 gnolls and an orc.

Vanquished Creatures
  Terence (D:2)
  4 adders
  An ooze (D:1)
  A worm (D:3)
  A leopard gecko (D:2)
  An orc (D:3)
  3 giant cockroaches
  3 goblins
  4 hobgoblins
  3 jackals (D:3)
  8 kobolds
  A ball python (D:1)
  5 bats
  4 frilled lizards
  6 rats
46 creatures vanquished.

Vanquished Creatures (others)
  2 plants (D:3)
2 creatures vanquished.

Grand Total: 48 creatures vanquished

Notes
Turn   | Place    | Note
-------+----------+-------------------------------------------
     0 | D:1      | trckry the Draconian Transmuter began the quest for the
                  | Orb.
     0 | D:1      | Reached XP level 1. HP: 16/16 MP: 3/3
   150 | D:1      | Reached XP level 2. HP: 12/23 MP: 3/5
   984 | D:2      | Reached XP level 3. HP: 19/28 MP: 4/6
  1372 | D:2      | Found a faded altar of an unknown god.
  1377 | D:2      | Noticed Terence
  1390 | D:2      | Killed Terence
  1391 | D:2      | Reached skill level 4 in Unarmed Combat
  1391 | D:2      | Reached XP level 4. HP: 10/35 MP: 5/7
  1617 | D:2      | Became a worshipper of Zin the Law-Giver
  1617 | D:2      | Reached * piety under Zin
  1617 | D:2      | Reached ** piety under Zin
  1763 | D:3      | Found a glowing silver altar of Zin.
  2111 | D:3      | You fall into a shaft and drop 2 floors!
  2111 | D:5      | Entered Level 5 of the Dungeon
  2120 | D:5      | Found a staircase to the Ecumenical Temple.
  2159 | D:5      | HP: 3/35 [hound (3)]
  2160 | D:5      | Slain by a hound

Illustrated notes

Levels and vault maps discovered:
D:1:      sevenhm_arrival_forest_fort_large_2, layout_rooms
D:2:      layout_rooms, chequers_ecumenical_altar_simple_redux,
          kennysheep_cross_room, uniq_terence
D:3:      layout_loops_cross, grunt_temple_overflow_growth_and_decay,
          lemuel_doored_altar, minmay_overflow_temple_star_hex, uniq_natasha
D:5:      layout_basic, kennysheep_mini_moat, dancing_weapons_uskayaw,
          nicolae_overflow_crystal_walls, minmay_temple_entry_stoned_glass,
          grunt_ministairs_15, nicolae_tso_swordbearing_angel

Skill      XL: |  1  2  3 |
---------------+----------+-----
Transmutations | 3 |  3.4
Unarmed Combat | 4 |  4.3
Fighting       | |  1.2
Throwing       | |  0.2
Dodging        | |  1.7
Spellcasting   | |  2.1
Invocations    | |  0.4
Evocations     | |  0.2

Action                   |  1- 3 |  4- 6 || total
-------------------------+-------+-------++-------
Melee: Unarmed           |   100 |    60 ||   160
       Kick              |     7 |       ||     7
       Tailslap          |     7 |     8 ||    15
       Headbutt          |     4 |       ||     4
       Punch             |     1 |       ||     1
Throw: Dart              |    10 |     2 ||    12
 Cast: Beastly Appendage |    11 |       ||    11
Armor: Skin              |    40 |    24 ||    64
Dodge: Dodged            |    73 |    36 ||   109
Block: Tower shield      |       |    19 ||    19
